[Event "ICC tourney 2359 (30 5)"]
[Site "Internet Chess Club"]
[Date "2021.01.31"]
[Round "5"]
[White "ebkatz"]
[Black "SAEpicDH"]
[Result "0-1"]
[ICCResult "White resigns"]
[WhiteElo "1244"]
[BlackElo "1240"]
[Opening "Queen's pawn, Mason variation"]
[ECO "D00"]
[NIC "QP.08"]
[Time "18:00:40"]
[PlyCount "84"]
[TimeControl "1800+5"]

1. d4 d5 2. Bf4 Nf6 3. e3 e6 4. Bd3 c5 5. c3 Nc6 6. Nf3 Be7 7. Nbd2 b6 8.
Bb5 Bd7 9. Ne5 Nxe5 10. dxe5 Bxb5 11. exf6 Bxf6 12. Nf3 O-O 13. Qb3 Bc4 14.
Qc2 Qe7 15. b3 Ba6 16. h4 h6 17. g4 e5 18. g5 exf4 19. gxf6 Qxf6 20. Ng5
hxg5 21. hxg5 Qg6 22. Qd2 fxe3 23. fxe3 Rfe8 24. O-O-O Rad8 25. e4 Rxe4 26.
Qh2 Kf8 27. Rde1 Qxg5+ 28. Kb2 Rxe1 29. Rxe1 Qh6 30. Qe5 Qf6 31. Qxf6 gxf6
32. Rf1 Rd6 33. Rh1 Ke7 34. Rh8 Rd8 35. Rh7 f5 36. Rh5 Ke6 37. a4 f4 38.
Rh6+ f6 39. Rh4 f3 40. Rf4 Be2 41. Kc2 Ke5 42. Rg4 f2 { White resigns } 0-1

[Event "ICC tourney 2359 (30 5)"]
[Site "Internet Chess Club"]
[Date "2021.01.31"]
[Round "5"]
[White "Naoto"]
[Black "wteitelbaum"]
[Result "0-1"]
[ICCResult "White checkmated"]
[WhiteElo "527"]
[BlackElo "998"]
[Opening "Queen's pawn: Chigorin variation"]
[ECO "D00"]
[NIC "QP.08"]
[Time "18:00:36"]
[PlyCount "106"]
[TimeControl "1800+5"]

1. d4 d5 2. Nc3 Nf6 3. e3 c5 4. dxc5 e5 5. Bb5+ Nc6 6. Nf3 Bg4 7. O-O e4 8.
Nxd5 Nxd5 9. c4 Bxf3 10. gxf3 Qg5+ 11. Kh1 Nf6 12. Rg1 Qxc5 13. b3 Rd8 14.
Qf1 exf3 15. a4 Qh5 16. h3 Qe5 17. Ba3 Bxa3 18. Rxa3 a6 19. Bxc6+ bxc6 20.
c5 Qxc5 21. Ra2 Qh5 22. Rg3 Ne4 23. Rxf3 Qxf3+ 24. Qg2 Nxf2+ 25. Rxf2 Qxg2+
26. Rxg2 Rd3 27. Rxg7 Rxb3 28. Rg3 Ke7 29. Kg2 c5 30. Kf2 c4 31. Rg1 c3 32.
Rc1 Rd8 33. Ke2 Ke6 34. e4 Rd2+ 35. Ke3 Kd6 36. h4 Kc5 37. e5 Kb4 38. Kf4
c2 39. Kf5 Rb1 40. Rxc2 Rxc2 41. e6 fxe6+ 42. Kxe6 Rh1 43. Kd6 Rxh4 44. Kd7
Rd4+ 45. Ke6 Re2+ 46. Kf5 Rd1 47. Kf6 Rf1+ 48. Kg7 Rg2+ 49. Kh8 h5 50. Kh7
h4 51. Kh6 h3 52. Kh5 h2 53. Kh4 h1=Q# { White checkmated } 0-1

[Event "ICC tourney 2359 (30 5)"]
[Site "Internet Chess Club"]
[Date "2021.01.31"]
[Round "5"]
[White "CLGray"]
[Black "SABXMSROB1"]
[Result "0-1"]
[ICCResult "White checkmated"]
[WhiteElo "989"]
[BlackElo "1132"]
[Opening "Queen's pawn, Mason variation"]
[ECO "D00"]
[NIC "QP.08"]
[Time "18:00:23"]
[PlyCount "136"]
[TimeControl "1800+5"]

1. d4 d5 2. Bf4 Nf6 3. e3 g6 4. Nd2 Bg7 5. Ngf3 O-O 6. Bd3 Nc6 7. c3 Bg4 8.
O-O Rc8 9. Qc2 Qd7 10. Bb5 a6 11. Bxc6 bxc6 12. Ne5 Qe8 13. h3 Bf5 14. Qd1
Nd7 15. Nxc6 Nb6 16. Ne5 f6 17. Ng4 g5 18. Bg3 Bg6 19. Qe2 a5 20. c4 Bh5
21. cxd5 f5 22. f3 fxg4 23. fxg4 Rxf1+ 24. Rxf1 Bg6 25. h4 gxh4 26. Bxh4
Nxd5 27. Qc4 Bf7 28. Qb3 Nf6 29. Qc2 Nxg4 30. Qd3 Rd8 31. Rf4 Bg6 32. Qc4+
Bf7 33. Qxc7 Nxe3 34. Qc3 Nd5 35. Qf3 Nxf4 36. Qxf4 Bxd4+ 37. Kh2 Bg6 38.
Nf3 Qf7 39. Qc7 Rf8 40. Nxd4 Qf4+ 41. Qxf4 Rxf4 42. Nc6 Rxh4+ 43. Kg3 Re4
44. Nxa5 Re2 45. Nc6 Rxb2 46. Nxe7+ Kf7 47. Nc6 Rxa2 48. Ne5+ Kg7 49. Ng4
Be4 50. Ne3 Ra3 51. Kf2 Kg6 52. g4 Rxe3 53. Kxe3 Bb7 54. Kf2 Kg5 55. Kg3
Bc8 56. Kh3 Bxg4+ 57. Kg3 h5 58. Kg2 Kh4 59. Kh2 Kg5 60. Kg3 h4+ 61. Kh2
Kf4 62. Kg2 Bf3+ 63. Kh3 Kg5 64. Kh2 Kg4 65. Kg1 Kg3 66. Kf1 h3 67. Kg1 h2+
68. Kf1 h1=Q# { White checkmated } 0-1

[Event "ICC tourney 2359 (30 5)"]
[Site "Internet Chess Club"]
[Date "2021.01.31"]
[Round "5"]
[White "slayer76"]
[Black "CGLion3223"]
[Result "0-1"]
[ICCResult "White checkmated"]
[WhiteElo "800"]
[BlackElo "922"]
[Opening "Konstantinopolsky opening"]
[ECO "C44"]
[NIC "KP.10"]
[Time "18:00:43"]
[PlyCount "44"]
[TimeControl "1800+5"]

1. e4 e5 2. Nf3 Nc6 3. g3 Nf6 4. d3 h6 5. Bg2 Bc5 6. O-O d6 7. Nbd2 Bg4 8.
c3 Qd7 9. Qc2 Nh7 10. Re1 Ng5 11. Nxg5 hxg5 12. Nf3 Bh3 13. Nxg5 Bxg2 14.
Kxg2 f6 15. Nf3 g5 16. b4 Bb6 17. a4 a6 18. a5 Ba7 19. c4 Qh3+ 20. Kg1 g4
21. Nd2 Qxh2+ 22. Kf1 Qxf2# { White checkmated } 0-1

[Event "ICC tourney 2359 (30 5)"]
[Site "Internet Chess Club"]
[Date "2021.01.31"]
[Round "5"]
[White "Winter320"]
[Black "Killercow123"]
[Result "0-1"]
[ICCResult "White resigns"]
[WhiteElo "977"]
[BlackElo "367"]
[Opening "French: advance variation"]
[ECO "C02"]
[NIC "FR.03"]
[Time "18:00:18"]
[PlyCount "66"]
[TimeControl "1800+5"]

1. e4 e6 2. d4 d5 3. e5 c5 4. c3 Nc6 5. Be3 Qb6 6. Nf3 Qxb2 7. Nbd2 Qxc3 8.
Bb5 Bd7 9. Bxc6 Bxc6 10. O-O Ne7 11. Rc1 Qa5 12. Qb3 c4 13. Qc2 Nf5 14. Bg5
Ba3 15. Ra1 O-O 16. Nb1 Be7 17. Bxe7 Nxe7 18. Ng5 Ng6 19. h4 Qd8 20. Nd2 h6
21. Ngf3 Nxh4 22. Rfe1 f6 23. Nxh4 fxe5 24. dxe5 Qxh4 25. Nf3 Qg4 26. Nh2
Qf4 27. Re3 d4 28. Rg3 d3 29. Qb2 c3 30. Qxc3 Qxf2+ 31. Kh1 Qxg3 32. Qd2
Rf2 33. Qxf2 Qxf2 { White resigns } 0-1

[Event "ICC tourney 2359 (30 5)"]
[Site "Internet Chess Club"]
[Date "2021.01.31"]
[Round "5"]
[White "Peanutbutter222"]
[Black "sloanman"]
[Result "0-1"]
[ICCResult "White checkmated"]
[WhiteElo "1204"]
[BlackElo "935"]
[Opening "Sicilian: closed, 2...Nc6"]
[ECO "B23"]
[NIC "SI.44"]
[Time "18:00:25"]
[PlyCount "108"]
[TimeControl "1800+5"]

1. e4 c5 2. Nc3 Nc6 3. Bc4 g6 4. f4 Nf6 5. d3 Bg7 6. Nf3 e6 7. O-O d5 8.
exd5 exd5 9. Re1+ Be6 10. Bb5 O-O 11. Bxc6 bxc6 12. d4 cxd4 13. Nxd4 Qb6
14. Kh1 Ng4 15. Be3 Nxe3 16. Rxe3 Bxd4 17. Na4 Qb4 18. c3 Bxc3 19. bxc3
Qxf4 20. Qf3 Qxa4 21. Qf6 Rae8 22. Qd4 Qxd4 23. cxd4 Re7 24. Rc1 Rfe8 25.
Rxc6 Bd7 26. Rxe7 Bxc6 27. Rxe8+ Bxe8 28. Kg1 Bb5 29. a3 a5 30. Kf2 f5 31.
h4 Kf7 32. Kf3 Kf6 33. Kf4 Bf1 34. g3 h6 35. Kf3 g5 36. hxg5+ hxg5 37. g4
fxg4+ 38. Kxg4 Be2+ 39. Kg3 g4 40. Kf4 Bf3 41. Ke3 Kf5 42. a4 Bd1 43. Kf2
Bxa4 44. Ke3 Bb3 45. Kf2 a4 46. Ke3 a3 47. Kd3 a2 48. Kc3 a1=Q+ 49. Kxb3
Qxd4 50. Ka2 Qb6 51. Ka1 Ke4 52. Ka2 Kd4 53. Ka1 Kc3 54. Ka2 Qb2# { White
checkmated } 0-1

[Event "ICC tourney 2359 (30 5)"]
[Site "Internet Chess Club"]
[Date "2021.01.31"]
[Round "5"]
[White "DDRIZZY"]
[Black "ChocolateSwirl"]
[Result "1/2-1/2"]
[ICCResult "Game drawn by mutual agreement"]
[WhiteElo "1152"]
[BlackElo "1162"]
[Opening "Sicilian defense"]
[ECO "B20"]
[NIC "SI.48"]
[Time "18:00:30"]
[PlyCount "69"]
[TimeControl "1800+5"]

1. e4 c5 2. b3 e6 3. Bb2 Nc6 4. d3 Nf6 5. Be2 Be7 6. f4 O-O 7. Nf3 b6 8.
Nbd2 Bb7 9. O-O Qc7 10. Ng5 h6 11. Nh3 Rfd8 12. Qe1 d5 13. Qg3 dxe4 14.
Nxe4 Nd4 15. Bxd4 cxd4 16. Nxf6+ Bxf6 17. Qg4 Qxc2 18. Bf3 Bxf3 19. Rxf3
Qc8 20. Nf2 Qd7 21. Ne4 Qe7 22. Raf1 Rd5 23. f5 exf5 24. Rxf5 Rxf5 25. Rxf5
Bg5 26. Nxg5 Qe1+ 27. Rf1 Qe3+ 28. Rf2 Qxg5 29. Qf3 Qc1+ 30. Rf1 Qe3+ 31.
Rf2 Qxf3 32. Rxf3 Rd8 33. Rf4 f6 34. Kf2 g5 35. Rxf6 { Game drawn by mutual
agreement } 1/2-1/2

[Event "ICC tourney 2359 (30 5)"]
[Site "Internet Chess Club"]
[Date "2021.01.31"]
[Round "5"]
[White "Evanthegreatest"]
[Black "rjaichand"]
[Result "1-0"]
[ICCResult "Black resigns"]
[WhiteElo "1229"]
[BlackElo "1126"]
[Opening "Giuoco Piano"]
[ECO "C54"]
[NIC "IG.02"]
[Time "18:00:51"]
[PlyCount "81"]
[TimeControl "1800+5"]

1. e4 e5 2. Nf3 Nc6 3. Bc4 Bc5 4. c3 Nf6 5. d3 d6 6. b4 Bb6 7. O-O Bg4 8.
h3 Bd7 9. Bg5 h6 10. Bxf6 gxf6 11. d4 exd4 12. cxd4 Rg8 13. d5 Ne5 14. Nxe5
dxe5 15. Nc3 Bxh3 16. Bb5+ Bd7 17. Qf3 Qe7 18. d6 Qxd6 19. Bxd7+ Qxd7 20.
Nd5 O-O-O 21. Nxf6 Qe7 22. Nxg8 Rxg8 23. a3 Rg6 24. Rad1 Qf8 25. Qf5+ Kb8
26. Qxe5 Qg8 27. Qh2 h5 28. Rd2 h4 29. Rfd1 Kc8 30. Qh3+ Re6 31. Qxh4 c6
32. Rd7 Rg6 33. Qh3 Kb8 34. Re7 Rg3 35. Qh2 Kc8 36. Kf1 Rxa3 37. Qh5 Ra2
38. Qf5+ Kb8 39. Qe5+ Kc8 40. Re8+ Qxe8 41. Qxe8+ { Black resigns } 1-0

[Event "ICC tourney 2359 (30 5)"]
[Site "Internet Chess Club"]
[Date "2021.01.31"]
[Round "5"]
[White "divijdogra"]
[Black "ChampKidP"]
[Result "1-0"]
[ICCResult "Black resigns"]
[WhiteElo "1136"]
[BlackElo "1109"]
[Opening "Queen's bishop game"]
[ECO "A45"]
[NIC "QP.07"]
[Time "18:00:15"]
[PlyCount "89"]
[TimeControl "1800+5"]

1. d4 Nf6 2. Bf4 d5 3. Nf3 e6 4. e3 Bd6 5. Bg3 Bd7 6. c3 Qe7 7. Bd3 Nc6 8.
Nbd2 e5 9. dxe5 Nxe5 10. Nxe5 Bxe5 11. Bxe5 Qxe5 12. Nf3 Qe7 13. O-O c6 14.
Re1 O-O 15. Qc2 h6 16. Rad1 Bg4 17. Be2 Ne4 18. Nd4 Bxe2 19. Qxe2 Rfd8 20.
Nf5 Qg5 21. Ng3 Nxg3 22. hxg3 Rd6 23. e4 Re6 24. Qf3 Rae8 25. Qd3 dxe4 26.
Qd4 a6 27. Re3 Re5 28. Rde1 Qf5 29. f3 Qe6 30. Rxe4 Rxe4 31. Rxe4 Qc8 32.
Rxe8+ Qxe8 33. Kf2 Qc8 34. b4 f6 35. a4 Qe6 36. c4 Qe7 37. b5 cxb5 38. axb5
axb5 39. cxb5 Qc7 40. b6 Qc8 41. Qd6 Qa8 42. Qc7 Qa2+ 43. Kg1 Qf7 44. g4
Kh7 45. Qxf7 { Black resigns } 1-0

[Event "ICC tourney 2359 (30 5)"]
[Site "Internet Chess Club"]
[Date "2021.01.31"]
[Round "5"]
[White "SAanjyu"]
[Black "alexplaysyt2"]
[Result "0-1"]
[ICCResult "White checkmated"]
[WhiteElo "1125"]
[BlackElo "1283"]
[Opening "Sicilian: Najdorf"]
[ECO "B90"]
[NIC "SI.14"]
[Time "18:00:19"]
[PlyCount "154"]
[TimeControl "1800+5"]

1. e4 c5 2. Nf3 d6 3. d4 cxd4 4. Nxd4 Nf6 5. Nc3 a6 6. Bd3 e6 7. O-O Be7 8.
Be3 O-O 9. Nce2 b5 10. Ng3 Bb7 11. Qe2 Nc6 12. Rad1 Ne5 13. c3 d5 14. exd5
Bxd5 15. Bc2 Bc4 16. Bd3 Bxd3 17. Rxd3 Nxd3 18. Qxd3 e5 19. Ngf5 exd4 20.
Qxd4 Qxd4 21. Nxe7+ Kh8 22. Bxd4 Rfe8 23. Nf5 Re2 24. Rb1 Rae8 25. Kf1 R2e6
26. g4 h6 27. h4 Rc6 28. g5 hxg5 29. hxg5 Ne4 30. Bxg7+ Kh7 31. Rd1 Kg6 32.
Rd5 Nxg5 33. Bd4 Nf3 34. Be3 Rf6 35. Ng3 Re5 36. Rd3 Ree6 37. Ne2 Rd6 38.
Nf4+ Kh7 39. Rxd6 Rxd6 40. Ke2 Ne5 41. Nh3 f6 42. Bf4 Re6 43. Kd2 Nc4+ 44.
Kc1 Re1+ 45. Kc2 Re2+ 46. Kd3 Rxb2 47. Bc1 Rxa2 48. Nf4 Rxf2 49. Nd5 a5 50.
Nc7 Rf5 51. Ke4 Rh5 52. Nd5 Rxd5 53. Kxd5 a4 54. Kc5 a3 55. Bxa3 Nxa3 56.
Kb4 Nc2+ 57. Kxb5 f5 58. c4 f4 59. c5 f3 60. c6 Nd4+ 61. Kb6 Nxc6 62. Kxc6
f2 63. Kd5 f1=Q 64. Kc5 Qe1 65. Kd6 Qe4 66. Kc5 Qd3 67. Kb4 Qc2 68. Kb5 Qc3
69. Kb6 Qc4 70. Kb7 Qc5 71. Ka6 Qb4 72. Ka7 Kg6 73. Ka6 Kf6 74. Ka7 Ke6 75.
Ka8 Kd6 76. Ka7 Kc7 77. Ka6 Qb6# { White checkmated } 0-1

[Event "ICC tourney 2359 (30 5)"]
[Site "Internet Chess Club"]
[Date "2021.01.31"]
[Round "5"]
[White "summermonkey291"]
[Black "CameronSiegal"]
[Result "1-0"]
[ICCResult "Black checkmated"]
[WhiteElo "1099"]
[BlackElo "781"]
[Opening "QGD: Tarrasch defense"]
[ECO "D32"]
[NIC "TD.10"]
[Time "18:00:14"]
[PlyCount "129"]
[TimeControl "1800+5"]

1. d4 e6 2. c4 d5 3. Nc3 c5 4. e3 Nc6 5. Nf3 Qb6 6. dxc5 Bxc5 7. cxd5 Nce7
8. Bc4 Nf6 9. dxe6 Bxe6 10. Bxe6 Qxe6 11. Qb3 Qxb3 12. axb3 O-O 13. O-O a5
14. e4 Nc6 15. Bg5 Ne8 16. Na4 Bb4 17. Nb6 Ra6 18. Nd7 f6 19. Nxf8 fxg5 20.
Ne6 g4 21. Nfd4 Ne5 22. Nf4 Rd6 23. Rad1 Nf6 24. Nc2 Nxe4 25. Rxd6 Nxd6 26.
Nxb4 axb4 27. Re1 Nc6 28. Ne6 Kf7 29. Nc5 b6 30. Ne4 Nf5 31. h3 gxh3 32.
gxh3 h5 33. Ng3 Nfd4 34. Nxh5 Nxb3 35. Re3 Nbd4 36. Kg2 Nf5 37. Re2 Nh4+
38. Kg3 Nf5+ 39. Kg4 Nh6+ 40. Kg5 Nd4 41. Re4 Nf3+ 42. Kf4 Nd2 43. Rxb4 g6
44. Ng3 g5+ 45. Kxg5 Kg7 46. Rxb6 Nc4 47. Rxh6 Nxb2 48. Nf5+ Kf7 49. Nd4
Nd3 50. Rh7+ Kg8 51. Kg6 Ne5+ 52. Kh6 Nf7+ 53. Rxf7 Kxf7 54. Kg5 Kg7 55. f4
Kf7 56. Kf5 Kg7 57. Ke6 Kg6 58. f5+ Kg7 59. Ke7 Kg8 60. f6 Kh7 61. f7 Kg6
62. f8=Q Kg5 63. Qf6+ Kh5 64. Qf5+ Kh4 65. Qg4# { Black checkmated } 1-0

[Event "ICC tourney 2359 (30 5)"]
[Site "Internet Chess Club"]
[Date "2021.01.31"]
[Round "5"]
[White "googlethecat"]
[Black "adokianos"]
[Result "1-0"]
[ICCResult "Black checkmated"]
[WhiteElo "1123"]
[BlackElo "1216"]
[Opening "Scandinavian (center counter) defense"]
[ECO "B01"]
[NIC "SD.01"]
[Time "18:00:20"]
[PlyCount "111"]
[TimeControl "1800+5"]

1. e4 d5 2. exd5 Qxd5 3. Nc3 Qa5 4. Nf3 Nf6 5. g3 Bf5 6. Bg2 c6 7. O-O e6
8. Re1 Nbd7 9. d3 Bd6 10. Bd2 Qb6 11. b3 h6 12. Na4 Qc7 13. Nd4 Bg4 14. Bf3
Bh3 15. Ne2 g5 16. Bg2 Bxg2 17. Kxg2 g4 18. Bf4 h5 19. Bxd6 Qxd6 20. Nf4 h4
21. Nc3 O-O-O 22. Ne4 Qc7 23. Ng5 Rdg8 24. Nxf7 Rh7 25. Nxe6 Qb8 26. Nfg5
Rh5 27. Ne4 Nxe4 28. Rxe4 Nf6 29. Rf4 Rg6 30. Qe2 hxg3 31. hxg3 Qd6 32. Re1
Qd5+ 33. Re4 Nxe4 34. Qxe4 Qxe4+ 35. Rxe4 Rhh6 36. Nf4 Rg8 37. f3 gxf3+ 38.
Kxf3 Rf6 39. Ra4 a6 40. Kg2 Rf5 41. Kf3 Rfg5 42. Ne2 Rf5+ 43. Rf4 Rxf4+ 44.
Nxf4 Rh8 45. g4 Kd8 46. g5 Ke8 47. g6 Rg8 48. Kg4 Kf8 49. Kg5 Kg7 50. Ne6+
Kh8 51. g7+ Kh7 52. Kf6 Rc8 53. Nf8+ Kg8 54. Kg6 b5 55. Nd7 Rd8 56. Nf6# {
Black checkmated } 1-0

[Event "ICC tourney 2359 (30 5)"]
[Site "Internet Chess Club"]
[Date "2021.01.31"]
[Round "5"]
[White "Ben08Davis"]
[Black "EliT"]
[Result "1-0"]
[ICCResult "Black checkmated"]
[WhiteElo "608"]
[BlackElo "378"]
[Opening "Queen's pawn game"]
[ECO "A45"]
[NIC "QP.07"]
[Time "18:00:15"]
[PlyCount "105"]
[TimeControl "1800+5"]

1. d4 Nf6 2. Nc3 g6 3. e4 Bg7 4. Nf3 O-O 5. Bc4 Nc6 6. Be3 d6 7. d5 Nb4 8.
a3 Na6 9. h3 Nc5 10. Bd3 e6 11. O-O e5 12. b4 Nxd3 13. Qxd3 c6 14. Rad1
cxd5 15. Nxd5 Nxd5 16. Qxd5 Rb8 17. Bg5 Qe8 18. Qxd6 Ra8 19. Qd8 Qc6 20.
Qd3 f6 21. Be3 f5 22. Ng5 fxe4 23. Nxe4 Bf5 24. f3 Rfd8 25. Qb3+ Be6 26.
Qc3 Qb5 27. Rd6 Rac8 28. Rxd8+ Rxd8 29. Nf2 e4 30. Qc5 Qa6 31. Qxa7 Qc6 32.
Qb6 Qd7 33. a4 Qxa4 34. Qxd8+ Bf8 35. Qb6 Bc4 36. Rc1 Bxb4 37. Qd8+ Bf8 38.
Nxe4 b5 39. Bh6 Qa7+ 40. Kh1 Qe7 41. Rd1 Be2 42. Rd7 Kf7 43. Rxe7+ Bxe7 44.
Nd6+ Bxd6 45. Qd7+ Be7 46. Qd5+ Ke8 47. Qe5 Bc4 48. Bg5 Kd8 49. Qxe7+ Kc8
50. Qc5+ Kb7 51. Bd8 g5 52. Qb6+ Kc8 53. Qc7# { Black checkmated } 1-0